 Dungeon Sprint DCSS version 0.30.1-11-g7821555f0a (webtiles) character file.

Game seed: 12662663555660265846

1224 Heoruswealwe the Cleaver (level 8, -2/82 HPs)
             Began as a Hill Orc Fighter on Dec 8, 2023.
             Was a Priest of the Shining One.
             Slain by Snorg (13 damage)
             ... in the Dungeon (Sprint III: "The Ten Rune Challenge").
             The game lasted 00:08:53 (912 turns).

Heoruswealwe the Cleaver (Hill Orc Fighter)          Turns: 912, Time: 00:08:53

Health: -2/82      AC:  8    Str: 21    XL:     8   Next: 47%
Magic:  8/8        EV:  9    Int:  8    God:    the Shining One [***...]
Gold:   23         SH:  6    Dex: 10    Spells: 7/7 levels left

rFire   . . .        a - +0 war axe
rCold   . . .        c - +0 buckler
rNeg    + . .        b - +0 scale mail
rPois   +            (no helmet)
rElec   .            (no cloak)
rCorr   .            (no gloves)
SInv    .            (no boots)
Will    .....        (no amulet) Stlth
                     (no ring)
HPRegen 0.33/turn    (no ring)
MPRegen 0.11/turn

%: no teleportation
@: glowing
A: sense surroundings 2, poison resistance
a: Renounce Religion, Divine Shield, Cleansing Flame


You were in the Dungeon.
You worshipped the Shining One.
The Shining One was most pleased with you.
You visited 1 branch You collected 23 gold pieces.

Inventory:

Hand Weapons
 a - a +0 war axe (weapon)
Armour
 b - a +0 scale mail (worn)
 c - a +0 buckler (worn)
Wands
 h - a wand of digging (5)
 l - a wand of polymorph (2)
Scrolls
 j - a scroll of blinking
Potions
 d - a potion of might
 e - 2 potions of curing
 g - a potion of haste
Miscellaneous
 i - a phial of floods


   Skills:
 + Level 11.5 Fighting
 + Level 12.2 Axes
 + Level 10.6 Armour
 + Level 10.6 Shields


You had 7 spell levels left.
You didn't know any spells.
Your spell library contained the following spells:

 Spells                   Type           Power      Damage    Failure   Level
 Blink                    Tloc           0%         N/A       86%         2
 Scorch                   Fire           0%         2d5       86%         2
 Tukima's Dance           Hex            0%         N/A       98%         3
 Flame Wave               Conj/Fire      0%         2d4       100%        4
 Manifold Assault         Tloc           0%         N/A       100%        4
 Passage of Golubria      Tloc           0%         N/A       100%        4
 Yara's Violent Unravell  Hex/Tmut       0%         3d3       100%        5
 Summon Cactus Giant      Summ           0%         N/A       100%        6
 Storm Form               Tmut/Air       0%         N/A       100%        7


Dungeon Overview and Level Annotations

Branches:
Dungeon (1/1)

Altars:
Cheibriados
Dithmenos
Elyvilon
Fedhas
Gozag
Hepliaklqana
Kikubaaqudgha
Makhleb
Nemelex Xobeh
Okawaru
Qazlal
Ru
Sif Muna
Trog
Uskayaw
Vehumet
Wu Jian
Xom
Yredelemnul
Zin
The Shining One
Beogh
Jiyva
Lugonu

Annotations:
D Snorg


Innate Abilities, Weirdness & Mutations

You passively map the area around you.
Your system is resistant to poisons. (rPois)


Message History

Search for what [? for help]? !!altar && !!carried You open the door.
There is an open door here.
Snorg the Insatiable comes into view.
Snorg moves out of view.
You slash Snorg!
Snorg is lightly wounded.
Snorg closely misses you. Snorg claws you but does no damage. Snorg claws you.
You slash Snorg!
Snorg is lightly wounded.
Snorg barely misses you. You block Snorg's attack. Snorg claws you.
You slash Snorg!
Snorg is moderately wounded.
You block Snorg's attack. Snorg barely misses you. Snorg claws you.
You slice Snorg!!
Snorg is heavily wounded.
Snorg goes berserk!
You hit Snorg.
Snorg is heavily wounded.
You block Snorg's attack. Snorg barely misses you. Snorg claws you!
You slash Snorg!
Snorg is severely wounded.
Snorg bites you. Snorg claws you. Snorg claws you but does no damage.
Snorg bites you!! You block Snorg's attack. Snorg claws you!
You hit Snorg.
Snorg is severely wounded.
Snorg bites you!!
* * * LOW HITPOINT WARNING * * *
Snorg claws you!
* * * LOW HITPOINT WARNING * * *
Snorg claws you! The Shining One protects you from harm!
You feel much better. Snorg bites you!
* * * LOW HITPOINT WARNING * * *
You block Snorg's attack.
Snorg barely misses you. x3; Snorg claws you.
* * * LOW HITPOINT WARNING * * *
You slash Snorg!
Snorg is severely wounded.
Snorg bites you!
You die...

♣.############ * * * *
♣♣.#___#___#__# ,*
♣..#.).#__.#)_# , **
♣..###'#[###'## , , ~
.♣.#..........#, , ,
*, ♣♣.'.⌠........# ∩ *
, ...#...######'# * *
...#.⌠.#__#...#+#####*
* *
...#...#__#...#.@~~§+
+
...#)###__#...#.#T§§#,
,*,,
...#..)#__#...'.#§§§#
...#___#__'...#.#§§§#
, , *
▓▓▓▓▓▓▓▓▓▓▓▓▓▓▓▓▓▓▓▓▓
* * * *, , * , ~ , ~ *
+ ~~~~ * ~ , * * * * *
* *


You could see Snorg (berserk).

Vanquished Creatures
  A deep elf pyromancer (D)
  A shadow (D)
  A spatial vortex (D)
  A necrophage (D)
  A water elemental (D)
  A jelly (D)
  Jessica (D)
  A wizard (D)
  A necromancer (D)
  3 humans (D)
  A kobold demonologist (D)
  A phantom (D)
  An endoplasm (D)
  2 rats (D)
17 creatures vanquished.

Notes
Turn   | Place    | Note
-------+----------+-------------------------------------------
     0 | D        | Heoruswealwe the Hill Orc Fighter began the quest for the
                  | Orb.
     0 | D        | Reached XP level 1. HP: 19/19 MP: 1/1
     4 | D        | Reached skill level 3 in Axes
    11 | D        | Noticed Jessica
    19 | D        | Killed Jessica
    20 | D        | Reached skill level 5 in Fighting
    20 | D        | Reached skill level 4 in Axes
    20 | D        | Reached XP level 2. HP: 22/29 MP: 2/2
    20 | D        | Reached XP level 3. HP: 28/36 MP: 3/3
    99 | D        | Gained mutation: Your flesh is heat resistant. (rF+)
                  | [potion of mutation]
   100 | D        | Lost mutation: Your flesh is heat resistant. (rF+) [potion
                  | of mutation]
   100 | D        | Gained mutation: Potions are less effective at restoring
                  | your health. [potion of mutation]
   101 | D        | Lost mutation: Potions are less effective at restoring your
                  | health. [potion of mutation]
   101 | D        | Gained mutation: Your flesh is cold resistant. (rC+)
                  | [potion of mutation]
   102 | D        | Lost mutation: Your flesh is cold resistant. (rC+) [potion
                  | of mutation]
   102 | D        | Gained mutation: Your natural rate of healing is unusually
                  | fast. [potion of mutation]
   102 | D        | Gained mutation: You have a beak for a mouth. [potion of
                  | mutation]
   102 | D        | Gained mutation: You occasionally lose the ability to read
                  | scrolls when taking damage. [potion of mutation]
   103 | D        | Lost mutation: You occasionally lose the ability to read
                  | scrolls when taking damage. [potion of mutation]
   103 | D        | Lost mutation: You have a beak for a mouth. [potion of
                  | mutation]
   103 | D        | Gained mutation: You have large cloven feet. [potion of
                  | mutation]
   103 | D        | Gained mutation: You are agile. (Dex +4, Str/Int -1)
                  | [potion of mutation]
   103 | D        | Gained mutation: You are vulnerable to heat. (rF-) [potion
                  | of mutation]
   103 | D        | Gained mutation: You are robust. (+10% HP) [potion of
                  | mutation]
   104 | D        | Lost mutation: You are vulnerable to heat. (rF-) [potion of
                  | mutation]
   104 | D        | Lost mutation: You are robust. (+10% HP) [potion of
                  | mutation]
   104 | D        | Gained mutation: Your spells are a little harder to cast,
                  | but a little more powerful. [potion of mutation]
   104 | D        | Gained mutation: You passively map a small area around you.
                  | [potion of mutation]
   104 | D        | Gained mutation: Your system is resistant to poisons.
                  | (rPois) [potion of mutation]
   105 | D        | Lost mutation: Your spells are a little harder to cast, but
                  | a little more powerful. [potion of mutation]
   105 | D        | Lost mutation: You have large cloven feet. [potion of
                  | mutation]
   105 | D        | Lost mutation: You are agile. (Dex +4, Str/Int -1) [potion
                  | of mutation]
   105 | D        | Gained mutation: You passively map the area around you.
                  | [potion of mutation]
   105 | D        | Lost mutation: Your natural rate of healing is unusually
                  | fast. [potion of mutation]
   130 | D        | Reached skill level 5 in Axes
   130 | D        | Reached skill level 5 in Armour
   130 | D        | Reached skill level 5 in Shields
   151 | D        | Noticed a water elemental
   155 | D        | Killed a water elemental
   156 | D        | Reached skill level 6 in Axes
   156 | D        | Reached XP level 4. HP: 45/45 MP: 4/4
   176 | D        | Found a radiant altar of Vehumet.
   176 | D        | Found a shimmering blue altar of Sif Muna.
   176 | D        | Found an ancient bone altar of Kikubaaqudgha.
   176 | D        | Noticed a wizard
   180 | D        | Killed a wizard
   181 | D        | Reached XP level 5. HP: 44/51 MP: 5/5
   187 | D        | Reached skill level 7 in Axes
   287 | D        | Found a glowing silver altar of Zin.
   287 | D        | Found a glowing golden altar of the Shining One.
   287 | D        | Found a white marble altar of Elyvilon.
   288 | D        | Noticed a deep elf pyromancer
   294 | D        | Killed a deep elf pyromancer
   295 | D        | Reached skill level 10 in Axes
   295 | D        | Reached XP level 6. HP: 35/66 MP: 6/6
   295 | D        | Reached XP level 7. HP: 38/71 MP: 7/7
   403 | D        | Became a worshipper of the Shining One
   409 | D        | Found a hide-covered altar of Uskayaw.
   409 | D        | Found a roughly hewn altar of Beogh.
   409 | D        | Found an iron altar of Okawaru.
   409 | D        | Found a bloodstained altar of Trog.
   409 | D        | Found an ornate altar of the Wu Jian Council.
   409 | D        | Noticed a human
   410 | D        | Noticed a human
   412 | D        | Killed a human
   413 | D        | Reached skill level 10 in Fighting
   421 | D        | Killed a human
   422 | D        | Reached skill level 11 in Axes
   642 | D        | Found a basalt altar of Yredelemnul.
   642 | D        | Found a shadowy altar of Dithmenos.
   642 | D        | Found a sacrificial altar of Ru.
   642 | D        | Reached * piety under the Shining One
   654 | D        | Reached ** piety under the Shining One
   655 | D        | Reached skill level 10 in Armour
   655 | D        | Reached skill level 10 in Shields
   655 | D        | Reached XP level 8. HP: 61/81 MP: 8/8
   753 | D        | Noticed a shadow
   762 | D        | Killed a shadow
   762 | D        | Reached *** piety under the Shining One
   833 | D        | Found a blossoming altar of Fedhas.
   833 | D        | Found a stormy altar of Qazlal.
   833 | D        | Found a snail-covered altar of Cheibriados.
   833 | D        | Found a burning altar of Makhleb.
   833 | D        | Found a shimmering altar of Xom.
   834 | D        | Found a hazy altar of Hepliaklqana.
   834 | D        | Found an opulent altar of Gozag.
   834 | D        | Found a sparkling altar of Nemelex Xobeh.
   834 | D        | Found a corrupted altar of Lugonu.
   834 | D        | Found a viscous altar of Jiyva.
   846 | D        | Reached skill level 12 in Axes
   898 | D        | Noticed Snorg
   910 | D        | HP: 2/82 [Snorg (10)]
   910 | D        | The Shining One protects you from harm!
   912 | D        | Slain by Snorg

Illustrated notes

Levels and vault maps discovered:
D:        dungeon_sprint_mu [sprint_mu_entry_forest, sprint_mu_temple_rooms,
          sprint_mu_d1_horrors, sprint_mu_d2_genie, sprint_mu_d3_branching,
          sprint_mu_orc_legion, sprint_mu_elf_gauntlet, sprint_mu_hive_nellie,
          sprint_mu_lair_fedhas, sprint_mu_vaults_butterflies,
          sprint_mu_slime_circle, sprint_mu_swamp_cave, sprint_mu_shoals_kraken,
          sprint_mu_blade_basic, sprint_mu_crypt_lich, sprint_mu_tomb_spiral,
          sprint_mu_vestibule_basic, sprint_mu_gehenna_hellfire,
          sprint_mu_dis_giant, sprint_mu_tartarus_statrot,
          sprint_mu_cocytus_islands, sprint_mu_zot1]

Skill      XL: |  1  2  3  4  5  6  7  8 |
---------------+-------------------------+-----
Axes           | 4 6 10 11 12 | 12.2
Fighting       | 5 6 9 10 11 | 11.5
Armour         | 4 5 6 9 10 | 10.6
Shields        | 4 5 6 9 10 | 10.6

Action                     |  1- 3 |  4- 6 |  7- 9 || total
---------------------------+-------+-------+-------++-------
  Melee: Unarmed           |     7 |       |       ||     7
         War axe           |    23 |    14 |    52 ||    89
    Use: Potion            |     8 |       |     1 ||     9
         Scroll            |     3 |       |       ||     3
 Armour: Skin              |     2 |       |       ||     2
         Scale mail        |     4 |     8 |     6 ||    18
  Dodge: Dodged            |    15 |     8 |    20 ||    43
  Block: Buckler           |     4 |     6 |    11 ||    21
